 Dungeon Crawl Stone Soup version 0.25-a0-577-ga4619f409e (webtiles) character file.

Game seed: 9043420838432198363, levelgen mode: deterministic

19 An17 the Vexing (level 2, -2/15 HPs)
             Began as a Vampire Enchanter on Mar 2, 2020.
             Slain by a dart slug (3 damage)
             ... on level 1 of the Dungeon.
             The game lasted 00:03:00 (429 turns).

An17 the Vexing (Vampire Enchanter)                  Turns: 429, Time: 00:03:00

Health: -2/15      AC:  2    Str:  7    XL:     2   Next: 55%
Magic:  1/5        EV: 13    Int: 17    God:
Gold:   10         SH:  0    Dex: 14    Spells: 2/5 levels left

rFire    . . .     SeeInvis +   a - +1 dagger
rCold    + + .     Gourm    .   (no shield)
rNeg     + + +     Faith    .   b - +0 robe
rPois    ∞         Spirit   .   (no helmet)
rElec    .         Reflect  .   (no cloak)
rCorr    .         Harm     .   (no gloves)
MR       .....                  (no boots)
Stlth    +++++.....             (no amulet)
HPRegen  0.00/turn              (no ring)
MPRegen  0.09/turn              (no ring)

@: very slightly contaminated, bloodless
A: no food, fangs 3, see invisible, unbreathing
a: Revivify


You were on level 1 of the Dungeon.
You were bloodless.

You visited 1 branch of the dungeon, and saw 1 of its levels.

You collected 10 gold pieces.

Inventory:

Hand Weapons
 a - a +1 dagger (weapon)
Armour
 b - a +0 robe (worn)
Scrolls
 d - a scroll of fog


   Skills:
 + Level 1.1 Short Blades
 + Level 2.3 Dodging
 + Level 4.7 Stealth
 + Level 2.1 Spellcasting
 + Level 5.2 Hexes


You had 2 spell levels left.
You knew the following spells:

 Your Spells              Type           Power        Failure   Level  Hunger
a - Corona                Hex            ###....      2%          1    N/A
b - Ensorcelled Hibernat  Hex/Ice        ##....       10%         2    N/A

Your spell library contained the following spells:

 Spells                   Type           Power        Failure   Level  Hunger
 Confusing Touch          Hex            ###.....     7%          3    N/A
 Tukima's Dance           Hex            ###.....     7%          3    N/A
 Dazzling Flash           Conj/Hex       ##....       21%         3    N/A

Dungeon Overview and Level Annotations

Branches:
Dungeon (1/15)

Altars:


Innate Abilities, Weirdness & Mutations

You do not eat.
You do not regenerate when monsters are visible.
You are frail without blood (-20% HP).
You can heal yourself when you bite living creatures.
You are immune to poison.
You have razor-sharp teeth.
You have supernaturally acute eyesight. (SInv)
You can survive without breathing.


Message History

Confirm with . or Enter, or press ? or * to list all spells.
Aiming: Ensorcelled Hibernation (safe; 10% risk of failure)
Press: ? - help, Shift-Dir - straight line, f - dart slug
Aim: a dart slug (hasn't noticed you, chance to defeat MR: 59%)
You miscast Ensorcelled Hibernation.
You are very lightly contaminated with residual magic.
Strange energies run through your body. The dart slug launches a dart at you.
The slug dart misses you. The dart slug bites you.
* * * LOW HITPOINT WARNING * * *
You hit the dart slug. You bite the dart slug.
The dart slug is moderately wounded.
The dart slug launches a dart at you. The slug dart hits you.
* * * LOW HITPOINT WARNING * * *
You hit the dart slug.
The dart slug is heavily wounded.
The dart slug bites you.
You die...

#######
#####>....########
#......?#........# ######
#.......##.......#
##≈†≈≈≈ #..?....##.......
#..≈≈≈≈ #.......##......
#.≈≈≈≈≈ #####........#
#≈≈≈≈≈≈ #......@.##
#.≈≈≈≈# #.....w...#
#≈≈≈≈≈. #.#######.##
#≈≈≈≈≈. ##.##### #..#
#.≈≈≈≈≈ #..w...# ##.##
##.≈≈≈≈≈ #......# #..#
#..≈≈≈..
#......#####.#####.≈.≈≈..
#......'.†l.†......≈.≈.≈.
#......#####..##.##≈≈≈≈≈.


You could see a dart slug.

Vanquished Creatures
  2 bats (D:1)
  A giant cockroach (D:1)
  2 goblins (D:1)
  4 hobgoblins (D:1)
  A ball python (D:1)
  2 frilled lizards (D:1)
  3 kobolds (D:1)
  4 rats (D:1)
19 creatures vanquished.

Notes
Turn   | Place    | Note
-------+----------+-------------------------------------------
     0 | D:1      | An17 the Vampire Enchanter began the quest for the Orb.
     0 | D:1      | Reached XP level 1. HP: 13/13 MP: 3/3
   149 | D:1      | Reached XP level 2. HP: 19/19 MP: 3/5
   160 | D:1      | Learned a level 2 spell: Ensorcelled Hibernation
   216 | D:1      | Reached skill level 5 in Hexes
   429 | D:1      | Slain by a dart slug

Levels and vault maps discovered:
D:1:      minmay_arrival_semitransparent, layout_basic, interstate_on_off,
          chequers_serial_rivers_large_a

Skill      XL: |  1  2 |
---------------+-------+-----
Hexes          | 5 |  5.2
Short Blades   | |  1.1
Dodging        | |  2.3
Stealth        | |  4.7
Spellcasting   | |  2.1

Action                   || total
-------------------------++-------
Melee: Dagger            ||    53
       Bite              ||     4
 Cast: Corona            ||     2
       Ensorcelled Hiber ||     6
 Abil: Exsanguinate      ||     1
  Use: Scroll            ||     1
 Stab: Sleeping          ||     6
Armor: Robe              ||    15
Dodge: Dodged            ||    25

Table legend:
 A = Non-vault XP
 B = Vault XP
 C = Vault XP percentage of total XP
 D = Non-vault monster count
 E = Vault monster count
 F = Vault count percentage of total count
                 A         B        C        D         E       F
            +---------+---------+-------+---------+---------+-------
      Total |      28 |       0 |   0.0 |      19 |       0 |   0.0
            +---------+---------+-------+---------+---------+-------
        D:1 |      28 |       0 |   0.0 |      19 |       0 |   0.0
            +---------+---------+-------+---------+---------+-------
